 Dungeon Crawl Stone Soup version 0.25-a0-505-gae4569222e (webtiles) character file.

Game seed: 3676994879795559343, levelgen mode: deterministic

777 Defined the Slicer (level 7, -6/51 HPs)
             Began as a Gnoll Wanderer on Feb 15, 2020.
             Was a Believer of Cheibriados.
             Killed by nerve-wracking pain
             ... invoked by an orc priest
              (13 damage)
             ... on level 4 of the Dungeon.
             The game lasted 00:09:07 (3349 turns).

Defined the Slicer (Gnoll Wanderer)                 Turns: 3349, Time: 00:09:08

Health: -6/51      AC: 13    Str: 22    XL:     7   Next: 84%
Magic:  11/11      EV: 13    Int: 18    God:    Cheibriados [**....]
Gold:   215        SH:  0    Dex: 23    Spells: 11/11 levels left

rFire    . . .     SeeInvis +   u - +2 dagger (venom)
rCold    . . .     Gourm    .   (no shield)
rNeg     . . .     Faith    .   d - +2 scale mail
rPois    .         Spirit   .   (no helmet)
rElec    .         Reflect  .   y - +2 cloak
rCorr    .         Harm     .   (no gloves)
MR       .....                  (no boots)
Stlth    +.........             (no amulet)
HPRegen  0.17/turn              n - ring of see invisible
MPRegen  0.12/turn              (no ring)

@: very slow
A: distributed training, fangs 1, strong nose
a: Bend Time, Renounce Religion


You were on level 4 of the Dungeon.
You worshipped Cheibriados.
Cheibriados was pleased with you.
You were not hungry.

You visited 1 branch of the dungeon, and saw 4 of its levels.

You collected 305 gold pieces.
You spent 90 gold pieces at shops.

Inventory:

Hand Weapons
 h - a +0 hunting sling
 p - a +2 vampiric whip
 u - a +2 dagger of venom (weapon)
Missiles
 i - 99 stones
 q - 34 sling bullets
 r - 5 boomerangs (quivered)
Armour
 d - a +2 scale mail (worn)
 t - a +0 leather armour
 y - a +2 cloak (worn)
Jewellery
 n - a ring of see invisible (left hand)
Scrolls
 a - a scroll of amnesia {unknown}
 b - 5 scrolls of teleportation
 k - a scroll of enchant weapon {unknown}
 m - 2 scrolls of remove curse
 x - a scroll of fear {unknown}
 A - a scroll of magic mapping {unknown}
Potions
 c - 2 potions of lignification
 e - 3 potions of curing
 j - 2 potions of cancellation
 l - a potion of agility
 w - a potion of brilliance
Comestibles
 f - 5 rations
 g - 6 chunks of flesh


   Skills:
 + Level 2.7 Fighting
 + Level 9.0 Short Blades
 + Level 2.7 Long Blades
 + Level 2.7 Axes
 + Level 2.7 Maces & Flails
 + Level 2.7 Polearms
 + Level 2.7 Staves
 + Level 2.7 Slings
 + Level 2.7 Bows
 + Level 2.7 Crossbows
 + Level 3.8 Throwing
 + Level 7.1 Armour
 + Level 3.8 Dodging
 + Level 2.7 Stealth
 + Level 2.7 Shields
 + Level 2.7 Unarmed Combat
 + Level 2.7 Spellcasting
 + Level 2.2 Conjurations
 + Level 2.2 Hexes
 + Level 2.2 Charms
 + Level 2.2 Summonings
 + Level 2.2 Necromancy
 + Level 2.2 Translocations
 + Level 2.2 Transmutations
 + Level 2.2 Fire Magic
 + Level 2.2 Ice Magic
 + Level 2.2 Air Magic
 + Level 2.2 Earth Magic
 + Level 2.2 Poison Magic
 + Level 3.0 Invocations
 + Level 3.8 Evocations


You had 11 spell levels left.
You didn't know any spells.
Your spell library was empty.

Dungeon Overview and Level Annotations

Branches:
Dungeon (4/15)
 Temple: D:4-7

Altars:
Cheibriados
Ru
Vehumet
Yredelemnul
Zin


Innate Abilities, Weirdness & Mutations

Your experience applies equally to all skills.
You have very sharp teeth.
Your uncanny sense of smell can sniff out nearby items.


Message History

You kill the orc!
Cheibriados appreciates the change of pace.
The orc priest invokes the aid of Beogh against you.
Pain shoots through your body!
* * * LOW HITPOINT WARNING * * *
The orc priest misses you.
Things that are here:
a +0 trident; a +0 ring mail You hit the orc priest.
The orc priest is poisoned.
The orc priest is moderately wounded.
The orc priest hits you but does no damage.
You hit the orc priest.
The orc priest looks as sick as possible!
The orc priest is heavily wounded.
You hit the orc priest.
The orc priest looks as sick as possible!
The orc priest is almost dead.
The orc priest mumbles some strange prayers to Beogh against you.
Pain shoots through your body!
You die...

##.## ##....# #..##
##..##.# #...#
##..## ##..## .+
.....# ##..####..##
## ......#
##..##..##
.......## #.....##
∆ ........# ##..###
........######..#
.........##.o@..##
.(......†.)..##..##
..........######..#
.........## ###.##
........## ##....#
........# ##.....##
.......##
#.......## .<.....
##......÷÷# ......#
#.......#.##


You could see an orc priest.

Vanquished Creatures
  Grinder (D:3)
  A hippogriff (D:4)
  A crimson imp (D:4)
  2 hounds (D:4)
  An orc priest (D:4)
  Crazy Yiuf (D:2)
  Natasha (thrice) (D:2)
  3 gnolls (D:4)
  4 adders
  A shadow imp (D:2)
  An ooze (D:3)
  2 worms (D:2)
  2 dart slugs
  4 leopard geckos
  2 orcs
  3 ball pythons
  10 bats
  4 giant cockroaches
  4 goblins
  7 hobgoblins
  7 jackals
  6 kobolds
  2 quokkas
  5 frilled lizards
  5 rats
82 creatures vanquished.

Notes
Turn   | Place    | Note
-------+----------+-------------------------------------------
     0 | D:1      | Defined the Gnoll Wanderer began the quest for the Orb.
     0 | D:1      | Defined set off with the following items: a +0 dagger, a
                  | scroll of teleportation, a potion of lignification, a +2
                  | scale mail, a ration
     0 | D:1      | Reached XP level 1. HP: 13/13 MP: 2/2
   163 | D:1      | Reached XP level 2. HP: 12/19 MP: 3/3
   610 | D:1      | Found a snail-covered altar of Cheibriados.
   634 | D:1      | Became a worshipper of Cheibriados the Contemplative
   774 | D:2      | Reached XP level 3. HP: 23/25 MP: 4/4
   830 | D:2      | Reached skill level 1 in Invocations
   882 | D:2      | Reached * piety under Cheibriados
   891 | D:2      | Reached skill level 1 in Fighting
   891 | D:2      | Reached skill level 1 in Long Blades
   891 | D:2      | Reached skill level 1 in Axes
   891 | D:2      | Reached skill level 1 in Maces & Flails
   891 | D:2      | Reached skill level 1 in Polearms
   891 | D:2      | Reached skill level 1 in Staves
   891 | D:2      | Reached skill level 1 in Slings
   891 | D:2      | Reached skill level 1 in Bows
   891 | D:2      | Reached skill level 1 in Crossbows
   891 | D:2      | Reached skill level 1 in Stealth
   891 | D:2      | Reached skill level 1 in Shields
   891 | D:2      | Reached skill level 1 in Unarmed Combat
   891 | D:2      | Reached skill level 1 in Spellcasting
  1010 | D:2      | Reached XP level 4. HP: 32/32 MP: 6/6
  1335 | D:2      | Found a basalt altar of Yredelemnul.
  1335 | D:2      | Found a snail-covered altar of Cheibriados.
  1348 | D:2      | Noticed Natasha
  1357 | D:2      | Killed Natasha
  1357 | D:2      | Reached skill level 1 in Conjurations
  1357 | D:2      | Reached skill level 1 in Hexes
  1357 | D:2      | Reached skill level 1 in Charms
  1357 | D:2      | Reached skill level 1 in Summonings
  1357 | D:2      | Reached skill level 1 in Necromancy
  1357 | D:2      | Reached skill level 1 in Translocations
  1357 | D:2      | Reached skill level 1 in Transmutations
  1357 | D:2      | Reached skill level 1 in Fire Magic
  1357 | D:2      | Reached skill level 1 in Ice Magic
  1357 | D:2      | Reached skill level 1 in Air Magic
  1357 | D:2      | Reached skill level 1 in Earth Magic
  1357 | D:2      | Reached skill level 1 in Poison Magic
  1413 | D:2      | Noticed Natasha
  1430 | D:2      | Killed Natasha
  1430 | D:2      | Reached XP level 5. HP: 19/37 MP: 7/7
  1500 | D:2      | Noticed Natasha
  1504 | D:2      | Killed Natasha
  1627 | D:2      | Found a sacrificial altar of Ru.
  1671 | D:2      | Found a runed translucent door.
  1672 | D:2      | Noticed Crazy Yiuf
  1681 | D:2      | Killed Crazy Yiuf
  2098 | D:3      | Reached ** piety under Cheibriados
  2442 | D:3      | Noticed Grinder
  2469 | D:3      | Paralysed by Grinder for 4 turns
  2475 | D:3      | Killed Grinder
  2475 | D:3      | Reached XP level 6. HP: 22/44 MP: 7/9
  2829 | D:4      | Reached XP level 7. HP: 50/50 MP: 10/10
  2876 | D:4      | Noticed a hippogriff
  2900 | D:4      | Killed a hippogriff
  3130 | D:4      | Found Zin's Purification Station.
  3130 | D:4      | Found a glowing silver altar of Zin.
  3143 | D:4      | Bought a potion of curing for 90 gold pieces
  3157 | D:4      | Found a radiant altar of Vehumet.
  3329 | D:4      | Reached skill level 9 in Short Blades
  3349 | D:4      | Killed from afar by an orc priest

Levels and vault maps discovered:
D:1:      tarquinn_simple_flora_water_f, layout_basic, hangedman_decor_growths,
          cheibriados_altar_1
D:2:      layout_rooms, gammafunk_temple_overflow_wave,
          nicolae_ru_the_path_less_chosen, uniq_natasha, uniq_crazy_yiuf_cottage
D:3:      wad_lake_hut, layout_loops_ring, first_ration, minmay_box_of_dots,
          uniq_grinder
D:4:      layout_cave_pods, vehumet_crystals, zin_purify, temple_green

Skill      XL: |  1  2  3  4  5  6  7 |
---------------+----------------------+-----
Invocations    | 1 2 3 |  3.0
Fighting       | 1 2 |  2.7
Long Blades    | 1 2 |  2.7
Axes           | 1 2 |  2.7
Maces & Flails | 1 2 |  2.7
Polearms       | 1 2 |  2.7
Staves         | 1 2 |  2.7
Slings         | 1 2 |  2.7
Bows           | 1 2 |  2.7
Crossbows      | 1 2 |  2.7
Stealth        | 1 2 |  2.7
Shields        | 1 2 |  2.7
Unarmed Combat | 1 2 |  2.7
Spellcasting   | 1 2 |  2.7
Conjurations   | 1 2 |  2.2
Hexes          | 1 2 |  2.2
Charms         | 1 2 |  2.2
Summonings     | 1 2 |  2.2
Necromancy     | 1 2 |  2.2
Translocations | 1 2 |  2.2
Transmutations | 1 2 |  2.2
Fire Magic     | 1 2 |  2.2
Ice Magic      | 1 2 |  2.2
Air Magic      | 1 2 |  2.2
Earth Magic    | 1 2 |  2.2
Poison Magic   | 1 2 |  2.2
Throwing       | 3 |  3.8
Dodging        | 3 |  3.8
Evocations     | 3 |  3.8
Armour         | 7 |  7.1
Short Blades   | 9 |  9.0

Action                   |  1- 3 |  4- 6 |  7- 9 || total
-------------------------+-------+-------+-------++-------
Melee: Spear             |    38 |       |       ||    38
       Dagger            |     9 |   146 |    63 ||   218
       Bite              |    14 |    15 |    20 ||    49
       Whip              |    65 |       |       ||    65
       Punch             |       |     2 |     2 ||     4
  Use: Scroll            |       |       |     7 ||     7
  Eat: Chunk             |       |     2 |     2 ||     4
Armor: Scale mail        |    59 |    56 |    28 ||   143
Dodge: Dodged            |    54 |    58 |    45 ||   157

Table legend:
 A = Non-vault XP
 B = Vault XP
 C = Vault XP percentage of total XP
 D = Non-vault monster count
 E = Vault monster count
 F = Vault count percentage of total count
                 A         B        C        D         E       F
            +---------+---------+-------+---------+---------+-------
      Total |     755 |     356 |  32.0 |      77 |       5 |   6.1
            +---------+---------+-------+---------+---------+-------
        D:1 |      26 |       0 |   0.0 |      14 |       0 |   0.0
        D:2 |     168 |      75 |  30.9 |      28 |       2 |   6.7
        D:3 |      51 |     281 |  84.6 |      20 |       3 |  13.0
        D:4 |     510 |       0 |   0.0 |      15 |       0 |   0.0
            +---------+---------+-------+---------+---------+-------
